 Dungeon Crawl Stone Soup version 0.29.1-2-gbd0b4ee654 (webtiles) character file.

Game seed: 18023628051128306327

4 Sabo the Shield-Bearer (level 1, -1/14 HPs)
             Began as a Gargoyle Fighter on Nov 6, 2022.
             Slain by a frilled lizard (2 damage)
             ... on level 1 of the Dungeon.
             The game lasted 00:01:36 (350 turns).

Sabo the Shield-Bearer (Gargoyle Fighter)            Turns: 350, Time: 00:01:37

Health: -1/14      AC:  9    Str: 19    XL:     1   Next: 70%
Magic:  1/1        EV:  9    Int:  8    God:
Gold:   47         SH:  4    Dex:  9    Spells: 0/0 levels left

rFire   . . .      SeeInvis .   a - +0 war axe
rCold   . . .      Faith    .   c - +0 buckler
rNeg    + . .      Spirit   .   b - +0 scale mail
rPois   ∞          Reflect  .   (no helmet)
rElec   +          Harm     .   (no cloak)
rCorr   .          Rampage  .   (no gloves)
Will    .....                   (no boots)
Stlth   ..........              (no amulet)
HPRegen 0.04/turn               (no ring)
MPRegen 0.07/turn               (no ring)

@: no status effects
A: sickness immunity, AC +2, negative energy resistance 1, electricity
resistance, torment resistance 1, petrification resistance
a: no special abilities


You were on level 1 of the Dungeon.
You visited 1 branch of the dungeon, and saw 1 of its levels.

You collected 47 gold pieces.

Inventory:

Hand Weapons
 a - a +0 war axe (weapon)
Armour
 b - a +0 scale mail (worn)
 c - a +0 buckler (worn)
Potions
 d - a potion of might
 e - a potion of attraction {unknown}


   Skills:
 + Level 3.3 Fighting
 + Level 1.8 Axes
 + Level 3.4 Armour
 + Level 3.4 Shields


You couldn't memorise any spells.
You didn't know any spells.
Your spell library was empty.

Dungeon Overview and Level Annotations

Branches:
Dungeon (1/15)

Altars:


Innate Abilities, Weirdness & Mutations

You are immune to sickness and miasma.
Your stone body is resilient. (AC +2)
You are immune to poison.
You resist negative energy. (rN+)
You are resistant to electric shocks. (rElec)
You are resistant to unholy torment.
You are immune to petrification.


Message History

You completely miss the ball python.
The ball python is severely wounded.
You closely miss the frilled lizard. The ball python barely misses you.
The ball python constricts you.
The frilled lizard bites you but does no damage.
You block the ball python's attack. The ball python constricts you.
The frilled lizard bites you but does no damage.
You closely miss the ball python.
The ball python is severely wounded.
You barely miss the frilled lizard. The ball python bites you.
The ball python constricts you. The frilled lizard bites you.
* * * LOW HITPOINT WARNING * * *
You barely miss the ball python.
The ball python is severely wounded.
You barely miss the frilled lizard.
The ball python bites you but does no damage.
The ball python constricts you. You block the frilled lizard's attack.
The ball python bites you.
* * * LOW HITPOINT WARNING * * *
The ball python constricts you.
The ball python's grasp on you weakens, but your attempt to escape fails.
The frilled lizard barely misses you. The ball python closely misses you.
The ball python constricts you.
* * * LOW HITPOINT WARNING * * *
You slash the ball python!
You kill the ball python!
You miss the frilled lizard.
The frilled lizard bites you but does no damage. x2
You closely miss the frilled lizard. The frilled lizard closely misses you.
Unknown command.
You barely miss the frilled lizard.
The frilled lizard bites you but does no damage.
You block the frilled lizard's attack.
You closely miss the frilled lizard. The frilled lizard barely misses you.
You closely miss the frilled lizard.
The frilled lizard bites you but does no damage. x2
You completely miss the frilled lizard.
The frilled lizard bites you but does no damage.
You barely miss the frilled lizard. The frilled lizard bites you.
You die...

.#. #..###.# ..
###......# .#
#.....#### .#
#........#
.#######...#.##.#
.##..........##.#######
[##.###...##.##.#.....#
......#...##.##.#.....#
................@.....#
......#......####l....#
.##.###....### .....#
.##.....#.## ######
.########.# .# #.# .#
#.# ### #.# ..# #.#


You could see a frilled lizard.

Vanquished Creatures
  A ball python (D:1)
  A goblin (D:1)
  A quokka (D:1)
  A frilled lizard (D:1)
4 creatures vanquished.

Notes
Turn   | Place    | Note
-------+----------+-------------------------------------------
     0 | D:1      | Sabo the Gargoyle Fighter began the quest for the Orb.
     0 | D:1      | Reached XP level 1. HP: 14/14 MP: 1/1
   350 | D:1      | Slain by a frilled lizard

Illustrated notes

Levels and vault maps discovered:
D:1:      erik_arrival_blinker_ship, layout_loops_cross, serial_shops,
          nicolae_shop_window_shopping

Action                   || total
-------------------------++-------
Melee: War axe           ||    23
Armor: Scale mail        ||    16
Dodge: Dodged            ||    11
Block: Buckler           ||     5
